 Dungeon Crawl Stone Soup version 0.29-a0-330-g52719c12eb (webtiles) character file.

Game seed: 9572040808213406363

7 TotomoII the Ducker (level 1, 18/20 HPs)
             Began as a Deep Dwarf Monk on May 9, 2022.
             Was a Follower of Uskayaw.
             Got out of the dungeon alive.
             The game lasted 00:02:38 (276 turns).

TotomoII the Ducker (Deep Dwarf Monk)                Turns: 276, Time: 00:02:39

Health: 18/20      AC:  2    Str: 14    XL:     1   Next: 91%
Magic:  1/1        EV: 13    Int: 10    God:    Uskayaw [*.....]
Gold:   0          SH:  0    Dex: 15    Spells: 0/0 levels left

rFire   . . .      SeeInvis .   a - +0 hand axe
rCold   . . .      Faith    .   (no shield)
rNeg    . . .      Spirit   .   b - +0 robe
rPois   .          Reflect  .   (no helmet)
rElec   .          Harm     .   (no cloak)
rCorr   .          Rampage  .   (no gloves)
Will    .....                   (no boots)
Stlth   ++........              (no amulet)
HPRegen 0.00/turn               (no ring)
MPRegen 0.07/turn               (no ring)

@: no status effects
A: damage resistance, heal wounds, sense surroundings 1, no regeneration
a: Heal Wounds, Renounce Religion, Stomp


You escaped.
You worshipped Uskayaw.
Uskayaw was noncommittal.
You visited 1 branch of the dungeon, and saw 1 of its levels.

Inventory:

Hand Weapons
 a - a +0 hand axe (weapon)
Armour
 b - a +0 robe (worn)
Scrolls
 d - a scroll of silence {unknown}
 e - a scroll of enchant armour {unknown}
Potions
 c - a potion of ambrosia


   Skills:
 + Level 2.9 Fighting
 + Level 3.4 Axes
 + Level 3.4 Dodging
 + Level 2.4 Stealth


You couldn't memorise any spells.
You didn't know any spells.
Your spell library was empty.

Dungeon Overview and Level Annotations

Branches:
Dungeon (1/15)

Altars:
Uskayaw


Innate Abilities, Weirdness & Mutations

You are resistant to damage.
You can heal yourself by infusing magical energy.
You passively map a small area around you.
You do not regenerate.


Message History

The bat misses you.
You miss the bat. The bat barely misses you. The bat closely misses you.
You barely miss the bat. The bat barely misses you.
You hit the bat.
You kill the bat!
You see here a +0 short sword.
You see here a frilled lizard corpse.
e - a scroll labelled USISME BAATWUO
Found a faded altar of an unknown god.
A bat comes into view.
The helpless bat fails to defend itself.
You hit the bat.
The bat is moderately wounded.
The bat hits you. The bat barely misses you.
You hit the bat.
The bat is severely wounded.
The bat closely misses you. The bat hits you.
You completely miss the bat.
The bat is severely wounded.
The bat closely misses you. The bat misses you. The bat barely misses you.
You hit the bat.
You kill the bat!
There is a faded altar of an unknown god here.
You fail to use your ability.
You cannot tell which god this altar belongs to.
Convert to them anyway?
Uppercase [Y]es or [N]o only, please.
You cannot tell which god this altar belongs to.
Convert to them anyway?
Uskayaw accepts your prayer! Uskayaw welcomes you!
You can now stomp with the beat.
You can now pass through a line of other dancers.
As you open the door, it creaks loudly!
There is an open door here.
There is a staircase leading out of the dungeon here.
Are you sure you want to leave the Dungeon?
This will make you lose the game!
Uppercase [Y]es or [N]o only, please.
Are you sure you want to leave the Dungeon?
This will make you lose the game!
You have escaped!

* * *
#...##≈≈≈####
* +...'≈≈≈≈#
#...##≈≈≈#
##...# ≈≈#
#...## ≈#
##...# #
#...##
##...##*
##.@.# #####


There were no monsters in sight!

Vanquished Creatures
  3 bats (D:1)
  2 kobolds (D:1)
  A frilled lizard (D:1)
6 creatures vanquished.

Notes
Turn   | Place    | Note
-------+----------+-------------------------------------------
     0 | D:1      | TotomoII the Deep Dwarf Monk began the quest for the Orb.
     0 | D:1      | Reached XP level 1. HP: 20/20 MP: 1/1
   220 | D:1      | Found a faded altar of an unknown god.
   242 | D:1      | Prayed at the altar of an unknown god.
   242 | D:1      | Became a worshipper of Uskayaw the Reveller
   242 | D:1      | Reached * piety under Uskayaw
   242 | D:1      | Reached ** piety under Uskayaw
   276 | D:$      | Got out of the dungeon alive.

Illustrated notes

Levels and vault maps discovered:
D:1:      evilmike_arrival_crescent, layout_basic,
          hellmonk_ecumenical_altar_run_dry, minivault_23, minivault_26

Action                   || total
-------------------------++-------
Melee: Hand axe          ||    26
 Stab: Sleeping          ||     1
Armor: Robe              ||     3
Dodge: Dodged            ||    28

Table legend: (Time is in decaauts)
 A = Elapsed time spent in this place.
 B = Non-inter-level travel time spent in this place.
 C = Inter-level travel time spent in this place.
 D = Time resting spent in this place.
 E = Time spent auto-exploring this place.
 F = Levels seen in this place.
 G = Mean time per level.
                   A        B        C        D        E       F      G
               +--------+--------+--------+--------+--------+-----+--------+
         Total |    280 |    249 |     31 |      0 |    160 |   1 |  280.0 |
       Dungeon |    280 |    249 |     31 |      0 |    160 |   1 |  280.0 |
               +--------+--------+--------+--------+--------+-----+--------+

Top non-repeatable levels by time:
     D:1: 280 daAuts
